 Dungeon Crawl Stone Soup version 0.28.0-45-g0d030f2227 (webtiles) character file.

Game seed: 4710936179892935508

108 101zpm the Chiller (level 4, 0/34 HPs)
             Began as a Draconian Ice Elementalist on Apr 19, 2022.
             Succumbed to a kobold's poison
             ... on level 3 of the Dungeon.
             The game lasted 00:06:28 (3101 turns).

101zpm the Chiller (Draconian Ice Elementalist)     Turns: 3101, Time: 00:06:29

Health: 0/34       AC:  7    Str: 10    XL:     4   Next: 58%
Magic:  8/8        EV: 12    Int: 24    God:
Gold:   109        SH:  0    Dex: 17    Spells: 7/8 levels left

rFire   . . .      SeeInvis .     - Unarmed
rCold   . . .      Faith    .   (no shield)
rNeg    . . .      Spirit   .   (armour unavailable)
rPois   .          Reflect  .   (helmet restricted)
rElec   .          Harm     .   c - +0 cloak
rCorr   .          Rampage  .   a - +0 pair of gloves
Will    .....                   (no boots)
Stlth   ++........              (no amulet)
HPRegen 0.11/turn               b - +6 ring of intelligence
MPRegen 0.11/turn               h - +6 ring of dexterity

@: lethally poisoned (0 -> -1)
A: AC +5, unfitting armour, cold-blooded
a: no special abilities


You were on level 3 of the Dungeon.
You visited 1 branch of the dungeon, and saw 3 of its levels.

You collected 109 gold pieces.

Inventory:

Missiles
 n - 45 stones
 o - 3 sling bullets
 p - 4 boomerangs
 q - 20 arrows
Armour
 a - a +0 pair of gloves (worn)
 c - a +0 cloak (worn)
Jewellery
 b - a +6 ring of intelligence (left hand)
 h - a +6 ring of dexterity (right hand)
Scrolls
 e - a scroll of magic mapping {unknown}
 i - a scroll of identify
 k - 3 scrolls of teleportation
 m - a scroll of vulnerability {unknown}
Potions
 d - a potion of heal wounds {unknown}
 f - a potion of mutation {unknown}
 g - a potion of might {unknown}
 j - 4 potions of brilliance
 l - a potion of curing {unknown}
 s - a potion of flight {unknown}


   Skills:
 + Level 0.8 Fighting
 + Level 1.9 Dodging
 + Level 2.0 Stealth
 + Level 1.0 Unarmed Combat
 + Level 2.7 Spellcasting
 + Level 5.1 Ice Magic


You had 7 spell levels left.
You knew the following spells:

 Your Spells              Type           Power      Damage    Failure   Level
a - Freeze                Ice            100%       1d11      1%          1

Your spell library contained the following spells:

 Spells                   Type           Power      Damage    Failure   Level
 Frozen Ramparts          Ice            56%        1d7       4%          3
 Ozocubu's Armour         Ice            28%        N/A       4%          3
 Hailstorm                Conj/Ice       15%        3d5       36%         4


Dungeon Overview and Level Annotations

Branches:
Dungeon (3/15)

Altars:


Innate Abilities, Weirdness & Mutations

Your plain brown scales are hard. (AC +5)
You cannot fit into any form of body armour.
You are cold-blooded and may be slowed by cold attacks.


Message History

Found a robe.
j - 4 potions of brilliance (gained 1)
A worm comes into view.
A worm is nearby!
A kobold comes into view.
It is wielding a +0 dagger and quivering poisoned darts.
The kobold shouts!
An endoplasm comes into view.
The kobold throws a poisoned dart.
The poisoned dart hits you!
You are poisoned.
You feel very sick.
The kobold throws a poisoned dart.
The poisoned dart hits you!
You are more poisoned.
You feel very sick.
You feel very sick.
You feel sick.
You feel very sick.
You feel sick.
Found a pair of gloves.
You feel sick.
You feel sick.
You feel sick.
You feel sick.
You feel sick.
The kobold throws a poisoned dart.
The poisoned dart hits you!
You are lethally poisoned!
* * * LOW HITPOINT WARNING * * *
You feel very sick.
* * * LOW HITPOINT WARNING * * *
You feel sick.
* * * LOW HITPOINT WARNING * * *
You feel sick.
* * * LOW HITPOINT WARNING * * *
You feel sick.
* * * LOW HITPOINT WARNING * * *
You feel sick.
* * * LOW HITPOINT WARNING * * *
You feel sick.
* * * LOW HITPOINT WARNING * * *
You feel sick.
* * * LOW HITPOINT WARNING * * *
You feel sick.
You die...

#####........#...........
>........###.#...........
##...........#...).......
#........................
..............##.........
....................#####
........†......#.#..##
.................#>..##
#...............@.....###
.........................
.........................
......#.####.............
..........)......<....#..
..........##.#...........
.(..†........##....##.##.
##..#......##.........#
#....<...........#...#..


There were no monsters in sight!

Vanquished Creatures
  5 adders
  A worm (D:2)
  2 dart slugs (D:2)
  2 bats (D:1)
  3 endoplasms
  A giant cockroach (D:3)
  11 goblins
  4 hobgoblins
  3 jackals (D:1)
  7 kobolds
  2 quokkas
  7 ball pythons
  4 frilled lizards
  4 rats
56 creatures vanquished.

Notes
Turn   | Place    | Note
-------+----------+-------------------------------------------
     0 | D:1      | 101zpm the Draconian Ice Elementalist began the quest for
                  | the Orb.
     0 | D:1      | Reached XP level 1. HP: 14/14 MP: 3/3
   229 | D:2      | Reached XP level 2. HP: 15/20 MP: 0/5
   640 | D:2      | Reached XP level 3. HP: 7/27 MP: 1/6
  1442 | D:2      | Reached skill level 5 in Ice Magic
  1857 | D:1      | Reached XP level 4. HP: 34/34 MP: 7/7
  2659 | D:1      | Reached skill level 1 in Unarmed Combat
  3099 | D:3      | HP: 1/34 [poisoned by a kobold]
  3101 | D:3      | Succumbed to a kobold's poison

Illustrated notes

Levels and vault maps discovered:
D:1:      tarquinn_simple_flora_water_c, layout_loops_corners,
          minmay_pentomino_v4
D:2:      minmay_razor_zed, layout_rooms, kennysheep_generic_room_15
D:3:      layout_rooms, lightli_sewer_entry_pipes

Skill      XL: |  1  2  3  4 |
---------------+-------------+-----
Ice Magic      | 5 |  5.1
Stealth        | 2 |  2.0
Unarmed Combat | 1 |  1.0
Fighting       | |  0.8
Dodging        | |  1.9
Spellcasting   | |  2.7

Action                   |  1- 3 |  4- 6 || total
-------------------------+-------+-------++-------
Melee: Unarmed           |    61 |     2 ||    63
       Tailslap          |     5 |     2 ||     7
       Punch             |     1 |       ||     1
 Cast: Freeze            |    33 |    34 ||    67
  Use: Scroll            |       |     3 ||     3
 Stab: Sleeping          |     3 |       ||     3
Armor: Skin              |    24 |    12 ||    36
Dodge: Dodged            |    44 |    21 ||    65
